 Dungeon Crawl Stone Soup version 0.27.1-34-g3ba077fa99 (webtiles) character file.

Game seed: 16698513923832189141

18 cbfl8 the Sneak (level 2, -6/27 HPs)
             Began as a Minotaur Delver on Jan 16, 2022.
             Was a Follower of Yredelemnul.
             Mangled by an iguana (10 damage)
             ... on level 5 of the Dungeon.
             The game lasted 00:01:49 (854 turns).

cbfl8 the Sneak (Minotaur Delver)                    Turns: 854, Time: 00:01:49

Health: -6/27      AC:  5    Str: 16    XL:     2   Next: 51%
Magic:  1/1        EV: 11    Int:  7    God:    Yredelemnul [*.....]
Gold:   21         SH:  0    Dex: 11    Spells: 1/1 levels left

rFire    . . .     SeeInvis .   a - +0 hand axe
rCold    x x .     Faith    .   (no shield)
rNeg     + . .     Spirit   .   b - +0 leather armour
rPois    .         Reflect  .   (helmet restricted)
rElec    .         Harm     .   (no cloak)
rCorr    .         Rampage  .   h - +0 pair of gloves
Will     .....                  i - +0 pair of boots
Stlth    ++........             (no amulet)
HPRegen  0.09/turn              j - ring of positive energy
MPRegen  0.07/turn              (no ring)

@: no status effects
A: horns 2, retaliatory headbutt, [cold vulnerability 2]
a: Renounce Religion, Animate Remains


You were on level 5 of the Dungeon.
You worshipped Yredelemnul.
Yredelemnul was aware of your devotion.
You visited 1 branch of the dungeon, and saw 2 of its levels.

You collected 21 gold pieces.

Inventory:

Hand Weapons
 a - a +0 hand axe (weapon)
Armour
 b - a +0 leather armour (worn)
 h - a +0 pair of gloves (worn)
 i - a +0 pair of boots (worn)
Jewellery
 j - a ring of positive energy (left hand)
Wands
 g - a wand of digging (3)
Scrolls
 c - a scroll of fog
 d - a scroll of magic mapping
 e - a scroll of fear
 k - a scroll of torment {unknown}
Potions
 f - a potion of haste


   Skills:
 + Level 3.8 Fighting
 + Level 2.5 Axes
 + Level 0.5 Armour
 + Level 2.2 Dodging
 + Level 4.5 Stealth


You had one spell level left.
You didn't know any spells.
Your spell library was empty.

Dungeon Overview and Level Annotations

Branches:
Dungeon (6/15)
 Temple: D:4-7

Altars:
Elyvilon
Gozag
Qazlal
Ru
Yredelemnul


Innate Abilities, Weirdness & Mutations

You have a pair of horns on your head.
You reflexively headbutt those who attack you in melee.
[You are very vulnerable to cold. (rC--)]


Message History

You hit the adder.
The adder is almost dead.
You feel sick.
You are no longer poisoned.
The adder barely misses you. x2; You furiously retaliate!
You headbutt the adder.
You kill the adder!
Yredelemnul accepts your kill.
A white imp comes into view.
You start resting.
HP restored.
You start waiting.
Done waiting.
You open the door.
Found a stone staircase leading up.
There is an open door here.
Found a scroll labelled NOENUL VAETAL.
k - a scroll labelled NOENUL VAETAL
There is a stone staircase leading up here.
You climb upwards.
There is a stone staircase leading down here.
An iguana comes into view.
The iguana hisses angrily.
An ogre comes into view. It is wielding a +0 giant club.
The iguana barely misses you.
You hit the iguana.
The iguana is lightly wounded.
The iguana bites you. The iguana misses you.
You hit the iguana. You headbutt the iguana!
The iguana is almost dead.
The iguana bites you!
You hit the iguana.
The iguana is almost dead.
The iguana bites you!
* * * LOW HITPOINT WARNING * * *
You closely miss the iguana.
The iguana is almost dead.
The iguana bites you!
You die...
Your body rises from the dead as a mindless zombie.

#.>###
##...#
###.#
#.#
#.#
#.#
#.#
#.#
#@#
#l#
#..
..#.
.....
####
.. ...
.#.


You could see an iguana.

Vanquished Creatures
  2 adders (D:6)
2 creatures vanquished.

Notes
Turn   | Place    | Note
-------+----------+-------------------------------------------
     0 | D:5      | cbfl8 the Minotaur Delver began the quest for the Orb.
     0 | D:5      | Reached XP level 1. HP: 19/19 MP: 0/0
    18 | D:5      | Noticed a water moccasin
   120 | D:6      | Found a faded altar of an unknown god.
   120 | D:6      | Found a sacrificial altar of Ru.
   132 | D:6      | Found a white marble altar of Elyvilon.
   135 | D:6      | Found an opulent altar of Gozag.
   137 | D:6      | Found a faded altar of an unknown god.
   155 | D:6      | Became a worshipper of Qazlal Stormbringer
   155 | D:6      | Reached * piety under Qazlal
   157 | D:6      | Fell from the grace of Qazlal
   167 | D:6      | Became a worshipper of Yredelemnul the Dark
   167 | D:6      | Reached * piety under Yredelemnul
   237 | D:6      | Reached XP level 2. HP: 14/27 MP: 1/1
   848 | D:5      | Noticed an ogre
   854 | D:5      | Mangled by an iguana

Illustrated notes

Levels and vault maps discovered:
D:5:      layout_rooms, chequers_serial_rivers_small_b, minmay_manual_mail,
          uniq_prince_ribbit1
D:6:      layout_basic, chequers_temple_overflow_minitemple, cheibriados_altar_2

Action                   || total
-------------------------++-------
Melee: Hand axe          ||    13
       Headbutt          ||     2
Invok: Renounce Religion ||     1
 Stab: Sleeping          ||     1
Armor: Leather armour    ||     2
Dodge: Dodged            ||     8
